 Dungeon Crawl Stone Soup version 0.26.1-11-gd32895ea62 (webtiles) character file.

Game seed: 1073575673791948560

93 nakriel the Sneak (level 4, -5/37 HPs)
             Began as a Minotaur Brigand on July 18, 2021.
             Killed by an exploding Grinder (17 damage)
             ... exploding inner flame
             ... on level 3 of the Dungeon.
             The game lasted 00:23:53 (2782 turns).

nakriel the Sneak (Minotaur Brigand)                Turns: 2782, Time: 00:23:54

Health: -5/37      AC:  4    Str: 16    XL:     4   Next: 37%
Magic:  3/3        EV: 12    Int:  8    God:
Gold:   95         SH:  0    Dex: 12    Spells: 3/3 levels left

rFire    + . .     SeeInvis .   a - +2 dagger
rCold    . . .     Faith    .   (no shield)
rNeg     . . .     Spirit   .   b - +0 robe
rPois    .         Reflect  .   (helmet restricted)
rElec    .         Harm     .   c - +0 cloak
rCorr    .         Rampage  .   v - +0 pair of gloves
Will     .....                  (no boots)
Stlth    +++.......             E - amulet of inaccuracy (curse)
HPRegen  0.12/turn              f - ring of protection from fire
MPRegen  0.08/turn              x - ring of flight

@: no status effects
A: retaliatory headbutt, horns 2
a: Evoke Flight


You were on level 3 of the Dungeon.
You visited 1 branch of the dungeon, and saw 3 of its levels.

You collected 95 gold pieces.

Inventory:

Hand Weapons
 a - a +2 dagger (weapon)
 g - a +0 club
 h - a +0 short sword
 j - a +0 club
 q - a +0 short sword
 y - a +0 dagger
 z - a +0 club
 I - a +0 short sword
 J - a +0 dagger
 K - a +0 hunting sling
 L - a +0 club
 N - a cursed -3 short sword
 P - a +0 dagger
Missiles
 d - 6 poisoned darts (quivered)
 e - 2 curare-tipped darts
 i - 74 stones
 o - 57 arrows
 F - 14 bolts
 O - 5 boomerangs
Armour
 b - a +0 robe (worn)
 c - a +0 cloak (worn)
 v - a +0 pair of gloves (worn)
 D - a +2 robe of resistance
 G - a +0 leather armour
 M - a +0 leather armour
Jewellery
 f - a ring of protection from fire (left hand)
 x - a ring of flight (right hand)
 E - a cursed amulet of inaccuracy (around neck)
Scrolls
 k - a scroll of fog {unknown}
 l - 2 scrolls of amnesia
 m - 2 scrolls of identify
 u - a scroll of noise {unknown}
 B - 2 scrolls of remove curse
 C - a scroll of blinking {unknown}
 Q - 2 scrolls of random uselessness {unknown}
 R - a scroll of enchant armour {unknown}
Potions
 n - a potion of heal wounds {unknown}
 r - a potion of invisibility {unknown}
 s - 2 potions of haste {unknown}
 t - a potion of attraction {unknown}
 w - 3 potions of brilliance {unknown}
 H - a potion of cancellation {unknown}


   Skills:
 + Level 2.7 Fighting
 + Level 3.0 Short Blades
 + Level 2.3 Throwing
 + Level 1.3 Dodging
 + Level 4.4 Stealth


You had 3 spell levels left.
You didn't know any spells.
Your spell library was empty.

Dungeon Overview and Level Annotations

Branches:
Dungeon (3/15)

Altars:
Hepliaklqana


Innate Abilities, Weirdness & Mutations

You reflexively headbutt those who attack you in melee.
You have a pair of horns on your head.


Message History

Grinder closely misses you.
You hit Grinder but do no damage.
Grinder is moderately wounded.
You hit Grinder.
Grinder is heavily wounded.
Grinder hits you but does no damage.
As you read the scroll of immolation, it crumbles to dust.
The creatures around you are filled with an inner flame!
Grinder hits you!
You writhe in agony.
You hit Grinder.
Flame seeps out of Grinder.
Grinder is heavily wounded.
Grinder is engulfed in blazing flames.
Flame seeps out of Grinder.
Grinder gestures at you.
You barely resist. You hit Grinder but do no damage.
Grinder is severely wounded.
Grinder is engulfed in blazing flames.
Grinder explodes!
The fiery explosion engulfs you! You resist.
You die...

#.####..# ##+#####.#
#.####..# ##...## #.#
#.##....# ##.....###.#
#.##.#.## ##.......###.
#.......####.........###
#..........'...†.....'..
#.##..§§####.........###
#.##.#§○# ##.......##
#.##..#@# ##.....##
#.###.#.### ##...##
#.##......# ##+##
#.##..#.#.# #.#
.......#.# #.# ####..###
# ##.## #.. ##...## #.
#.....# #. #.###...##


There were no monsters in sight!

Vanquished Creatures
  Grinder (D:3)
  A worker ant (D:3)
  An adder (D:2)
  An ooze (D:2)
  A worm (D:2)
  3 dart slugs
  A leopard gecko (D:1)
  A giant cockroach (D:2)
  5 goblins
  5 hobgoblins
  3 jackals (D:3)
  2 kobolds
  2 quokkas (D:2)
  7 bats
  5 frilled lizards
  10 rats
49 creatures vanquished.

Notes
Turn   | Place    | Note
-------+----------+-------------------------------------------
     0 | D:1      | nakriel the Minotaur Brigand began the quest for the Orb.
     0 | D:1      | Reached XP level 1. HP: 18/18 MP: 0/0
   544 | D:1      | Reached XP level 2. HP: 25/25 MP: 1/1
  1508 | D:2      | Reached skill level 4 in Stealth
  1521 | D:2      | Reached XP level 3. HP: 30/30 MP: 2/2
  1596 | D:2      | Found a hazy altar of Hepliaklqana.
  2357 | D:3      | Reached XP level 4. HP: 37/37 MP: 3/3
  2761 | D:3      | Noticed Grinder
  2782 | D:3      | Killed Grinder
  2782 | D:3      | Killed by an exploding Grinder... exploding inner flame

Illustrated notes

Levels and vault maps discovered:
D:1:      enne_arrival_octagon_isle, layout_loops_corners,
          chequers_serial_rivers_large_b, minmay_misc_feat_tower,
          minmay_misc_feat_pillars, minivault_27, kennysheep_crisscross
D:2:      layout_basic, nicolae_overflow_hidden_temple
D:3:      layout_loops_corners, uniq_terence, uniq_grinder

Skill      XL: |  1  2  3 |
---------------+----------+-----
Stealth        | 4 |  4.4
Short Blades   | 3 |  3.0
Fighting       | |  2.7
Throwing       | |  2.3
Dodging        | |  1.3

Action                   |  1- 3 |  4- 6 || total
-------------------------+-------+-------++-------
Melee: Dagger            |    73 |    30 ||   103
       Headbutt          |     8 |     3 ||    11
Throw: Dart              |     9 |     1 ||    10
  Use: Scroll            |     4 |     1 ||     5
       Potion            |       |     2 ||     2
 Stab: Sleeping          |    13 |       ||    13
Armor: Robe              |    11 |     8 ||    19
Dodge: Dodged            |    25 |    10 ||    35
